[Event "European Team Chess Championships 2023"]
[Site "Budva, Montenegro"]
[Date "2023.11.11"]
[Round "1"]
[White "Mamedyarov, Shakhriyar"]
[Black "Andersen, Mads"]
[Result "0-1"]
[WhiteElo "2734"]
[BlackElo "2612"]
[ECO "D02"]
[EventDate "2023.??.??"]
[Annotator "rafael"]
[PlyCount "74"]
[Beauty "7839389062203"]
[EventType "team-tourn"]
[EventCountry "YUG"]
[TimeControl "40/5400+30:1800+30"]

1.d4 d5 2.Nf3 Nf6 3.Bf4 c5 4.e3 e6 5.Nbd2 Qb6 6.c4 $5 {[%c_effect c4;square;c4;type;Interesting;persistent;true] Mamedyarov, of course, plays the London System in an enterprising way. This dynamic move is rare, but has been played a few times by Erigaisi recently.} ( 6.Rb1 {is the main move.} ) 6...Nc6 $1 {[%c_effect c6;square;c6;type;GreatFind;persistent;true] The best reply. Accepting the pawn is too risky.} ( 6...Qxb2 $6 7.cxd5 exd5 ( 7...Nxd5 $2 8.Rb1 Qxa2 $1 {[%c_effect a2;square;a2;type;GreatFind;persistent;true] An important move in order to pose problems against Black's king.} 9.Bxb8 Rxb8 10.Bb5+ {with a strong initiative.} ) 8.Rb1 Qxa2 9.dxc5 {This was played in the correspondence game Heilala-Sundqvist, F $146-ch email 2021. In a real-life tournament Black is in a lot of danger. The normal capture of the c5-pawn, for instance, is already bad:} 9...Bxc5 10.Be5 {with excellent compensation for the two sacrificed pawns.} ) ( 6...cxd4 {is possible, but not the most accurate.} 7.exd4 dxc4 ( 7...Nc6 8.c5 Qd8 ( 8...Qxb2 {Maybe it's time to accept the pawn and suffer the consequences.} 9.Rb1 Qa3 10.Bb5 Bd7 11.O-O {with the initiative.} ) 9.a3 Be7 10.b4 {with a clear advantage for White in Erigaisi-Priasmoro, Hangzhou rapid 2023.} ) 8.Nxc4 Bb4+ $2 ( 8...Qd8 ) 9.Bd2 Bxd2+ 10.Qxd2 Qd8 11.Qb4 {White was already winning in Erigaisi-Xiong, chess24.com 2022.} ) 7.Bd3 {Played after a long think. This is an important position for opening theory.} ( 7.cxd5 {gives nothing:} 7...Nxd5 ( 7...exd5 {is also possible.} ) 8.Nc4 Qd8 ( 8...Qb4+ $2 {[%c_effect b4;square;b4;type;Mistake;persistent;true] is elegantly refuted:} 9.Nfd2 cxd4 10.Bd6 $3 {[%c_effect d6;square;d6;type;Brilliant;persistent;true] A brilliant move to trap the queen.} 10...Bxd6 11.a3 dxe3 12.axb4 exd2+ 13.Nxd2 Bxb4 14.Bd3 {with a big advantage for White.} ) 9.Bg5 $6 {[%c_effect g5;square;g5;type;Inaccuracy;persistent;true] was Erigaisi-Abdusattorov $146 Tata Steel India blitz Kolkata 2023. Here Black is already much better.} ( 9.dxc5 {is better.} ) 9...f6 $1 ) ( 7.dxc5 Bxc5 {Black is fine: Erigaisi-Moussard, Biel Blitz 2023.} ) ( 7.Be2 $5 {[%c_effect e2;square;e2;type;Interesting;persistent;true] is a novelty and a pawn sacrifice similar to the one in the game. Opening specialists can study this move as a surprise weapon in a game. The computer, of course, indicates the paths for Black, but they may not be so easy to find during the game.} 7...cxd4 8.exd4 Nxd4 9.Nxd4 Qxd4 10.Be3 Qe5 ( 10...Qxb2 {takes a lot of courage.} 11.cxd5 Nxd5 12.Rb1 Qxa2 13.Bb5+ Bd7 14.Bxd7+ Kxd7 15.Rxb7+ {Surprisingly the machine still thinks this is equal.} ) 11.cxd5 {with interesting complications.} ) 7...cxd4 8.exd4 {The real novelty.} ( 8.O-O {was tried in an amateur game.} ) 8...Nxd4 9.O-O Be7 ( 9...Nxf3+ {is possible, since the bishop can be developed on d6 after} 10.Qxf3 Bd6 {and Black has no problems.} ) 10.cxd5 Nxf3+ 11.Qxf3 exd5 {A solid move, taking the squares from White's knight and opening the diagonal for the bishop.} ( 11...Nxd5 {is also possible, but it leads to more or less equal play, for instance:} 12.Nc4 Qd8 13.Rad1 O-O 14.Be4 Bd7 ) 12.Rfe1 Be6 13.Nb3 O-O 14.Be3 Qd6 15.Bf4 Qb6 16.Be3 Qd6 17.Bc5 {Mamedyarov decides to keep the game going, instead of accepting a draw by repetition. It's a bold decision that will pay dividends, since he will achieve a winning position later in the game.} 17...Qd8 ( 17...Qd7 $1 {[%c_effect d7;square;d7;type;GreatFind;persistent;true] looks more natural to me.} 18.Bd4 ( 18.Bb5 Qd8 {Compared to the game, white's bishop is worse on b5.} ) 18...Ne4 $1 {[%c_effect e4;square;e4;type;GreatFind;persistent;true] Black should always think of returning the pawn to achieve a safe position.} 19.Bxe4 dxe4 20.Rxe4 Rfd8 {with a comfortable position.} ) 18.Bd4 b6 {A rather ugly move, but it's not very easy for Black to find a plan. Now he can try something like Rc8-Bc5 or Qd7-b7 in some positions.} ( 18...Ne4 $2 {[%c_effect e4;square;e4;type;Mistake;persistent;true] No longer works:} 19.Rxe4 $1 dxe4 20.Qxe4 g6 21.Qe5 {and White wins.} ) 19.h3 {Mamedyarov takes his time to improve the position. This move avoids Bg4 and thus prepares Rad1.} ( 19.Bc3 {with the idea of Nd4 is also possible.} ) 19...Rc8 20.Rad1 Qd7 $6 {[%c_effect d7;square;d7;type;Inaccuracy;persistent;true] Black gets into trouble now. It must be said that the position is not easy to play.} ( 20...Re8 {is an improvement. If White tries the same plan with} 21.Bc3 {Then Black can play} 21...Bd7 22.Nd4 Bc5 {with an acceptable position.} ) 21.Bc3 $1 {[%c_effect c3;square;c3;type;GreatFind;persistent;true] The knight is going to d4.} ( 21.Be5 {is also possible, with the same plan.} ) 21...Qb7 ( 21...Ne8 {This is the computer's suggestion. Whenever a very difficult defensive move is suggested by the machine, we know that the position is close to collapse.} 22.Nd4 Bf6 {with many tempting continuations for White.} ) 22.Nd4 Ne4 ( 22...Bc5 {is not enough to solve the problems:} 23.Nf5 $1 Bxf5 24.Bxf5 {with a clear advantage.} ) 23.Rxe4 $1 {[%c_effect e4;square;e4;type;GreatFind;persistent;true] An easy move for a gifted attacking player like Mamedyarov.} 23...dxe4 24.Bxe4 Qc7 ( 24...Qd7 {doesn't save Black:} 25.Nf5 Bxf5 26.Rxd7 Bxd7 27.Bxh7+ ( 27.Qd3 {is also good.} ) 27...Kxh7 28.Qe4+ Kg8 29.Qxe7 $18 {with a winning advantage. The attack on Black's king is stronger due to the presence of opposite-colored bishops.} ) 25.Nxe6 fxe6 26.Qh5 $2 {[%c_effect h5;square;h5;type;Mistake;persistent;true] This move throws away the win, and from now on White loses control of the game.} ( 26.Qg4 $1 {[%c_effect g4;square;g4;type;GreatFind;persistent;true] is the way to go, with some nice variations.} 26...Bf6 ( 26...Rf7 27.Qxe6 {Black is unable to cope with the pair of bishops.} ) ( 26...Bc5 27.Qxe6+ Qf7 28.Bd5 $1 {[%c_effect d5;square;d5;type;GreatFind;persistent;true] A recurring theme.} 28...Bxf2+ 29.Kh2 {with a winning advantage.} ) 27.Qxe6+ Qf7 ( 27...Kh8 28.Qf5 $1 {[%c_effect f5;square;f5;type;GreatFind;persistent;true] A nice touch. It's impossible to defend the pawn on h7.} ) ( 27...Rf7 28.Bd5 $1 Bxc3 29.Rc1 $1 {[%c_effect c1;square;c1;type;GreatFind;persistent;true] An important move that leaves White in a completely winning position.} ) 28.Bd5 $1 Qxe6 ( 28...Bxc3 29.Qd7 {wins the queen.} ) 29.Bxe6+ Kh8 30.Bxf6 gxf6 31.Bxc8 Rxc8 32.b3 {After all these adventures, White achieves an easily technically winning endgame with a pawn up.} ) 26...g6 ( 26...h6 $2 {[%c_effect h6;square;h6;type;Mistake;persistent;true] loses to} 27.Bxg7 $1 ) 27.Qg4 ( {After the natural} 27.Bxg6 {Black is saved by} 27...Bf6 $1 ) 27...Kf7 {The game remains very complicated but objectively equal.} 28.Rd3 $2 {[%c_effect d3;square;d3;type;Mistake;persistent;true] Mamedyarov pushes too hard for a win.} ( 28.Qf3+ Kg8 29.Qg4 {leads to a draw.} ) ( 28.h4 {is not very good:} 28...Bf6 29.h5 Bxc3 30.hxg6+ Ke7 31.g7 ( 31.bxc3 Qf4 $1 ) 31...Bxg7 32.Qxg7+ Rf7 33.Qg5+ Kf8 34.Qh6+ Kg8 {The attack is repelled.} ) ( 28.Re1 $5 {[%c_effect e1;square;e1;type;Interesting;persistent;true] is possible with complicated play.} ) 28...Bf6 $1 {[%c_effect f6;square;f6;type;GreatFind;persistent;true] The king will go to g7, and Black has a material advantage for not enough compensation.} 29.Bb4 ( 29.Rf3 Kg7 ) 29...Rfd8 30.Rg3 Rg8 {Defending against the sacrifice on g6.} 31.Rf3 Kg7 ( 31...Qc1+ {wins:} 32.Kh2 Qxb2 ) 32.h4 ( 32.Rxf6 Qc1+ 33.Kh2 Kxf6 {The bishops can't create much trouble for the black king.} ) 32...Bxb2 ( 32...Qc1+ {is also good.} ) 33.h5 ( 33.g3 {gives more practical chances, although White is still losing.} ) 33...Qe5 $1 {[%c_effect e5;square;e5;type;GreatFind;persistent;true] Threatening mate on c1 and capturing the h5-pawn.} 34.h6+ Kh8 35.Bd2 Bc1 36.Bb4 Bxh6 37.g3 Rc4 $1 {[%c_effect c4;square;c4;type;GreatFind;persistent;true] Further material losses are unavoidable.} 0-1

[Event "European Team Chess Championships 2023"]
[Site "Budva, Montenegro"]
[Date "2023.11.12"]
[Round "2"]
[White "Martirosyan, Haik M"]
[Black "Saric, Ivan"]
[Result "0-1"]
[WhiteElo "2708"]
[BlackElo "2659"]
[ECO "D35"]
[EventDate "2023.??.??"]
[Annotator "pigle"]
[PlyCount "72"]
[Beauty "7904618880090"]
[EventType "team-tourn"]
[EventCountry "YUG"]
[TimeControl "40/5400+30:1800+30"]

1.d4 Nf6 2.c4 e6 3.Nf3 d5 4.Nc3 Nbd7 {An interesting move which leads to typical Queen's Gambit positions, but with a little more spice than the traditional 4...Be7.} 5.cxd5 exd5 6.Qc2 {The immediate development of the c1-bishop is more popular.} ( 6.Bg5 ) ( 6.Bf4 ) 6...c6 7.Bg5 h6 8.Bh4 {Martirosyan had played this position in a blitz game against none other than Magnus Carlsen.} 8...g5 {This risky move has become popular in similar positions in the 21st century. Probably the computer has something to do with it.} ( 8...Be7 {This was the choice of the former world champion.} 9.e3 Nh5 10.Bxe7 Qxe7 11.O-O-O Nb6 {with chances for both sides in Martirosyan-Carlsen, World Blitz Championship, Warsaw 2021.} ) 9.Bg3 Nh5 10.O-O-O $1 {[%c_effect c1;square;c1;type;GreatFind;persistent;true] The most combative choice.} 10...Nxg3 11.hxg3 g4 {Only played before in two games, but the first choice of the computer. Saric was still in his preparation.} ( 11...Nb6 ) 12.Nd2 {A new move. It looks timid, but the knight is helpful on d2 when White plays e4.} ( 12.Nh4 {is more natural and certainly Saric was ready for it.} 12...Nb6 13.e4 dxe4 {with an unclear game: Alshameary Puente-Stella Figueira da Foz 2020.} ( 13...Be6 $6 14.e5 {led to an advantage for White in Kramnik-l'Ami, Isle of Man 2018.} ) ) 12...Bg7 13.e3 ( 13.e4 {is a critical move, but Black is fine after} 13...O-O $1 14.e5 ( 14.exd5 cxd5 15.Nxd5 Nb6 {with good compensation for the pawn.} ) 14...c5 $1 {[%c_effect c5;square;c5;type;GreatFind;persistent;true] with counterplay.} ) 13...Qf6 {The computer is not very impressed with this move.} ( 13...Nf6 {is a good alternative.} 14.Bd3 O-O {Black's plan is Rc8 followed by c6-c5.} ) 14.f4 $1 O-O ( 14...gxf3 {improves White's pawn structure after} 15.gxf3 ) 15.Bd3 {Developing pieces is never too bad. There is an interesting alternative, however:} ( 15.e4 $5 Qxd4 16.Nc4 $1 {[%c_effect c4;square;c4;type;GreatFind;persistent;true] An important move.} 16...Qc5 17.exd5 cxd5 {With a rich position that creative minds would love to play. A possible continuation is} 18.b4 $5 {[%c_effect b4;square;b4;type;Interesting;persistent;true] A daring sacrifice to gain time.} 18...Qxb4 19.Nxd5 Qc5 20.Rh5 $1 {[%c_effect h5;square;h5;type;GreatFind;persistent;true] Another delightful move. White has the initiative, but Black also has his chances.} ) 15...b5 {I wouldn't call this typical move a mistake, but it looks slow. The plan is to support Nb6-c4.} ( 15...Nb6 {is a good alternative. The bishop takes part in the game and the plan is Bd7 followed by c5.} ) 16.Kb1 ( 16.e4 $5 {[%c_effect e4;square;e4;type;Interesting;persistent;true] is again a critical attempt.} 16...Qxd4 17.e5 {with the initiative for White.} ) 16...Nb6 17.e4 $1 {[%c_effect e4;square;e4;type;GreatFind;persistent;true] Everybody knew this was coming sooner or later.} 17...Qxd4 $6 {[%c_effect d4;square;d4;type;Inaccuracy;persistent;true] Black is in trouble now, but the position is not easy to play.} ( 17...dxe4 {is necessary, although it looks scary.} 18.Ndxe4 Qd8 ( 18...Qxd4 $2 {[%c_effect d4;square;d4;type;Mistake;persistent;true] loses to} 19.Bxb5 ) ) 18.e5 ( 18.Nb3 Qb4 19.e5 {is also better for White.} ) 18...Na4 {Black tries to open lines on the queenside, but his queen is in trouble on d4.} 19.Nxa4 bxa4 20.Nf3 $2 {[%c_effect f3;square;f3;type;Mistake;persistent;true] Martirosyan has got an excellent position with the initiative, but he stumbles now and Black turns the game around.} ( 20.Nc4 {is interesting, but not the most accurate.} 20...Qc5 21.Bh7+ Kh8 22.Nd6 Qxc2+ 23.Bxc2 f6 $1 {[%c_effect f6;square;f6;type;GreatFind;persistent;true] and Black has good chances of escaping.} ) ( 20.Bh7+ $1 Kh8 21.Ne4 $1 {[%c_effect e4;square;e4;type;GreatFind;persistent;true] This is the most unpleasant continuation.} 21...Qc4 22.Nf6 {White is a pawn down at the moment, but Black has doubled pawns, many weaknesses and his king is in trouble, despite the queen exchange.} ) 20...Qb6 21.Bh7+ Kh8 22.Ng5 $2 {[%c_effect g5;square;g5;type;Mistake;persistent;true] This looks tempting, as White now prepares the deadly 23.Bg8, but it's tactically refuted.} ( 22.Nd4 {is better, but Black still has the initiative after} 22...a3 23.b3 ( 23.Nf5 {is the computer suggestion.} ) 23...c5 24.Nf5 Bxf5 25.Bxf5 Rfd8 ) ( 22.Nh4 $1 {[%c_effect h4;square;h4;type;GreatFind;persistent;true] is the most accurate move. The position is still balanced after} 22...a3 23.Bf5 ) 22...Rb8 $1 {[%c_effect b8;square;b8;type;GreatFind;persistent;true] The pressure on the b2-pawn helps Black defend against the threats on the other side of the board.} 23.Rd2 {Defending the b2-pawn.} ( 23.Bg8 $2 {[%c_effect g8;square;g8;type;Mistake;persistent;true] loses to} 23...Bf5 $1 24.Qxf5 Qxb2# ) 23...f6 $1 24.exf6 Rxf6 {White's pieces on h7 and g5 are stuck, as the threats are no longer dangerous. The counterattack will be merciless.} 25.Re2 Rf8 ( 25...Ba6 {is also winning.} ) 26.Bg6 a3 $1 {[%c_effect a3;square;a3;type;GreatFind;persistent;true] Opening the diagonal.} 27.b3 Qd4 28.Re5 {A desperate attempt to block Black's powerful dark-squared bishop.} 28...Rb7 $1 {[%c_effect b7;square;b7;type;GreatFind;persistent;true] An excellent move. The rook is useful to protect the seventh rank.} ( 28...a5 $6 {[%c_effect a5;square;a5;type;Inaccuracy;persistent;true] is not so precise:} 29.Rd1 Qb2+ 30.Qxb2 axb2 31.Re7 $1 {[%c_effect e7;square;e7;type;GreatFind;persistent;true] White is still alive.} ) 29.Bd3 ( 29.Rd1 Qb2+ 30.Qxb2 axb2 {Now Black is winning:} 31.Re2 hxg5 {The bishop can be captured.} 32.Rh1+ Kg8 33.Bh7+ Kf7 ) 29...a5 ( 29...c5 {followed by c5-c4 is also very good.} ) 30.Kc1 Qa1+ 31.Qb1 Bxe5 32.Rxh6+ Kg8 33.fxe5 Qc3+ 34.Kd1 ( 34.Qc2 {loses to} 34...Qe1+ 35.Qd1 Qxe5 ) 34...Rf2 35.Rg6+ Rg7 36.Be2 Bf5 {A very interesting game that shows the strength of counterattacks in chess.} 0-1